 Dungeon Crawl Stone Soup version 0.31-a0-222-gefeffbb62a (webtiles) character file.

Game seed: 9679909181781436313

487 Iniera the Ducker (level 7, 0/67 HPs)
             Began as a Djinni Venom Mage on July 5, 2023.
             Was a Follower of Zin.
             Slain by a hound (5 damage)
             ... on level 5 of the Dungeon.
             The game lasted 00:06:09 (4528 turns).

Iniera the Ducker (Djinni Venom Mage)               Turns: 4528, Time: 00:06:10

Health: 0/67       AC:  3    Str:  7    XL:     7   Next: 36%
Gold:   204        EV: 14    Int: 19    God:    Zin [*.....] SH:  5 Dex: 19

rFire   + + .        a - +2 whip (venom)
rCold   x . .        b - +0 buckler
rNeg    . . .        n - +0 robe
rPois   ∞            (no helmet)
rElec   .            (no cloak)
rCorr   .            d - +0 pair of gloves
SInv    .            (boots unavailable)
Will    .....        (no amulet) Stlth
                     o - +6 ring of dexterity
HPRegen 0.31/turn    (no ring)
MPRegen 0.00/turn

%: infuse magic (-1 HP)
@: berserking, flying, very quick
A: sickness immunity, fire resistance 2, cold vulnerability 1, float, innate
caster, HP casting, extra vitality 1
a: Renounce Religion, Recite, Donate Gold


You were on level 5 of the Dungeon.
You worshipped Zin.
Zin was aware of your devotion.
You visited 2 branches of the dungeon, and saw 6 of its levels.

You collected 226 gold pieces.
You donated 22 gold pieces to Zin.

Inventory:

Hand Weapons
 a - a +2 whip of venom (weapon)
 h - a +1 mace of protection
Missiles
 f - 10 poisoned darts
Armour
 b - a +0 buckler (worn)
 d - a +0 pair of gloves (worn)
 n - a +0 robe (worn)
Jewellery
 o - a +6 ring of dexterity (left hand)
Wands
 l - a wand of roots (7)
 q - a wand of charming (7)
 r - a wand of digging (6)
Scrolls
 c - a scroll of identify
 e - 4 scrolls of teleportation
Potions
 i - 2 potions of invisibility
 j - a potion of degeneration {unknown}
 k - 2 potions of lignification
 m - 2 potions of mutation
 p - a potion of resistance {unknown}


   Skills:
 - Level 5.0 Dodging
 - Level 1.5 Stealth
 - Level 2.9 Shields
 + Level 4.7 Spellcasting
 + Level 4.7 Conjurations
 + Level 4.7 Hexes
 + Level 4.7 Summonings
 + Level 4.7 Necromancy
 + Level 4.7 Translocations
 + Level 4.7 Transmutations
 + Level 4.7 Fire Magic
 + Level 4.7 Ice Magic
 + Level 4.7 Air Magic
 + Level 4.7 Earth Magic
 + Level 4.7 Poison Magic


You knew the following spells:

 Your Spells              Type           Power      Damage    Failure   Level
a - Sting                 Tmut/Pois      88%        1d7       3%          1
b - Poisonous Vapours     Pois/Air       44%        N/A       4%          2
c - Mephitic Cloud        Conj/Pois/Air  22%        N/A       9%          3
d - Olgreb's Toxic Radia  Pois           22%        N/A       28%         4
e - Necrotise             Necr           88%        1d8       3%          1
f - Call Imp              Summ           44%        N/A       4%          2
g - Searing Ray           Conj           44%        2d6       4%          2
Your spell library was empty.

Dungeon Overview and Level Annotations

Branches:
Dungeon (5/15)             Temple (1/1) D:4

Altars:
Ashenzari
Cheibriados
Dithmenos
Hepliaklqana
Qazlal
Ru
Trog
Uskayaw
Wu Jian
Xom
Zin
The Shining One


Innate Abilities, Weirdness & Mutations

You are immune to sickness and miasma.
You are immune to poison.
Your flesh is very heat resistant. (rF++)
You are vulnerable to cold. (rC-)
You float through the air rather than walking.
You learn spells naturally, not from books.
Your magical power is your life essence.
You have superior vitality. (+4 MHP)


Message History

The phantom completely misses you.
You hit the phantom.
The phantom is severely damaged.
The phantom hits you.
The phantom blinks!
You blink.
A hound comes into view.
The phantom barely misses you.
The hound barks!
You completely miss the phantom.
The phantom is heavily damaged.
The phantom hits you but does no damage.
You hit the phantom but do no damage.
The phantom is heavily damaged.
The phantom closely misses you.
You closely miss the phantom.
The phantom is heavily damaged.
The phantom misses you. The hound barely misses you.
The phantom closely misses you.
You closely miss the phantom.
The phantom is heavily damaged.
The hound bites you. The phantom hits you. The hound closely misses you.
You completely miss the hound. The hound bites you.
You block the phantom's attack.
You closely miss the hound. The hound barely misses you. The hound misses you.
The phantom closely misses you.
You barely miss the hound. The hound barely misses you. The phantom hits you.
The hound barely misses you.
You closely miss the hound. The hound bites you.
* * * LOW HITPOINT WARNING * * *
The phantom barely misses you. The hound bites you.
* * * LOW HITPOINT WARNING * * *
The phantom hits you.
* * * LOW HITPOINT WARNING * * *
You miss the hound. The hound closely misses you.
The phantom closely misses you.
You closely miss the hound. The hound bites you.
* * * LOW HITPOINT WARNING * * *
The hound barely misses you. You block the phantom's attack.
A red film seems to cover your vision as you go berserk!
You feel yourself moving faster!
You feel mighty! The hound bites you.
You die...

#####.......# #.
#.......+ ..
#.......# ..
#####.......#
###
#.......#####
#.......#
#.......#
#.......########
#....@h.........
#....W..........
#...............
#...............
#.....####......
#.....# ......
#.....# .....
#.....# ...
####### ##


You could see a phantom and a hound.

Vanquished Creatures
  A water moccasin (D:5)
  An ice beast (D:3)
  A scorpion (D:4)
  An orc priest (D:4)
  A sleepcap (D:5)
  4 gnolls (D:4)
  An adder (D:2)
  An ufetubus (D:4)
  2 worms
  5 dart slugs
  15 orcs
  7 ball pythons
  6 bats
  4 endoplasms
  A giant cockroach (D:3)
  7 goblins
  6 hobgoblins
  4 jackals (D:3)
  7 kobolds
  4 quokkas
  5 frilled lizards
  5 rats
89 creatures vanquished.

Notes
Turn   | Place    | Note
-------+----------+-------------------------------------------
     0 | D:1      | Iniera the Djinni Venom Mage began the quest for the Orb.
     0 | D:1      | Iniera set off with the following spells memorised: Sting,
                  | Poisonous Vapours, Mephitic Cloud, Olgreb's Toxic Radiance.
     0 | D:1      | Reached XP level 1. HP: 15/15 MP: 0/0
   108 | D:1      | Reached XP level 2. HP: 14/21 MP: 0/0
   457 | D:1      | Reached XP level 3. HP: 20/25 MP: 0/0
   457 | D:1      | Learned a level 1 spell: Necrotise
   488 | D:1      | Reached skill level 3 in Dodging
  1101 | D:2      | Found a faded altar of an unknown god.
  1422 | D:2      | Reached XP level 4. HP: 29/31 MP: 0/0
  2195 | D:3      | Noticed an ice beast
  2225 | D:3      | HP: 1/46 [ice beast (6)]
  2226 | D:3      | Killed an ice beast
  2227 | D:3      | Reached skill level 4 in Dodging
  2227 | D:3      | Reached XP level 5. HP: 2/35 MP: 0/0
  2227 | D:3      | Learned a level 2 spell: Call Imp
  2227 | D:3      | Reached XP level 6. HP: 2/40 MP: 0/0
  3080 | D:4      | Found a glowing silver altar of Zin.
  3316 | D:4      | Found a staircase to the Ecumenical Temple.
  3335 | Temple   | Entered the Ecumenical Temple
  3617 | D:4      | Became a worshipper of Zin the Law-Giver
  3617 | D:4      | Reached * piety under Zin
  3745 | D:4      | Reached skill level 5 in Dodging
  4067 | D:5      | Entered Level 5 of the Dungeon
  4172 | D:5      | Reached XP level 7. HP: 16/45 MP: 0/0
  4172 | D:5      | Learned a level 2 spell: Searing Ray
  4310 | D:5      | Noticed a water moccasin
  4321 | D:5      | Killed a water moccasin
  4528 | D:5      | Slain by a hound

Illustrated notes

Levels and vault maps discovered:
D:1:      mrwooster_arrival_statue_2, layout_rooms, minmay_misc_feat_columns
D:2:      layout_basic, dreamdust_ecumenical_altar_grove, st_stairs_7
D:3:      minmay_bubble_buster, layout_loops_ring
D:4:      layout_basic, mainiacjoe_overflow_paths,
          minmay_temple_entry_nine_rooms
D:5:      layout_gridville, serial_glass, glass_columns_a, glass_columns_a,
          item_on_display_a
Temple:   bh_familiar_temple

Skill      XL: |  1  2  3  4  5  6 |
---------------+-------------------+-----
Spellcasting   | 4 |  4.7
Conjurations   | 4 |  4.7
Hexes          | 4 |  4.7
Summonings     | 4 |  4.7
Necromancy     | 4 |  4.7
Translocations | 4 |  4.7
Transmutations | 4 |  4.7
Fire Magic     | 4 |  4.7
Ice Magic      | 4 |  4.7
Air Magic      | 4 |  4.7
Earth Magic    | 4 |  4.7
Poison Magic   | 4 |  4.7
Dodging        | 3 4 5 |  5.0
Shields        | 2 |  2.9
Stealth        | |  1.5

Action                     |  1- 3 |  4- 6 |  7- 9 || total
---------------------------+-------+-------+-------++-------
  Melee: Unarmed           |     3 |       |       ||     3
         Mace              |    19 |   109 |       ||   128
         Hand axe          |       |    10 |       ||    10
         Whip              |       |       |    26 ||    26
   Cast: Sting             |    49 |     9 |       ||    58
         Poisonous Vapours |     2 |     5 |       ||     7
         Necrotise         |     9 |       |       ||     9
         Olgreb's Toxic Ra |       |     4 |       ||     4
         Searing Ray       |       |       |     3 ||     3
  Evoke: Wand              |       |     1 |       ||     1
    Use: Scroll            |       |    10 |       ||    10
         Potion            |       |     1 |     1 ||     2
   Stab: Sleeping          |       |     2 |       ||     2
 Armour: Robe              |     6 |    39 |     4 ||    49
  Dodge: Dodged            |    43 |   114 |    27 ||   184
  Block: Buckler           |       |    39 |     9 ||    48

Table legend: (Time is in decaauts)
 A = Elapsed time spent in this place.
 B = Non-inter-level travel time spent in this place.
 C = Inter-level travel time spent in this place.
 D = Time resting spent in this place.
 E = Time spent auto-exploring this place.
 F = Levels seen in this place.
 G = Mean time per level.
                   A        B        C        D        E       F      G
               +--------+--------+--------+--------+--------+-----+--------+
         Total |   4601 |   4285 |    316 |    283 |   3298 |   6 |  766.8 |
       Dungeon |   4411 |   4114 |    297 |    283 |   3133 |   5 |  882.2 |
        Temple |    189 |    171 |     18 |      0 |    165 |   1 |  189.0 |
               +--------+--------+--------+--------+--------+-----+--------+

Top non-repeatable levels by time:
     D:4: 1282 daAuts
     D:3: 1204 daAuts
     D:2: 914 daAuts
     D:1: 626 daAuts
     D:5: 384 daAuts
  Temple: 189 daAuts
